 Dungeon Crawl Stone Soup version 0.17-a0-1711-gc5340a3 (webtiles) character file.

67 hexophile the Poker (level 3, 0/29 HPs)
             Began as a Mummy Chaos Knight on Aug 22, 2015.
             Slain by a jackal (3 damage)
             ... on level 1 of the Dungeon.
             The game lasted 00:02:02 (5887 turns).

hexophile the Poker (Mummy Chaos Knight)            Turns: 5887, Time: 00:02:02

Health: 0/29       AC:  5    Str: 15      XL:     3   Next: 98%
Magic:  3/3        EV: 12    Int: 10 (11) God:    Xom [.*....]
Gold:   0          SH:  0    Dex: 12      Spells: 0 memorised, 2 levels left

rFire  x . .     SeeInvis .     a - +0 spear (chaos)
rCold  + . .     Clarity  .     b - +2 leather armour
rNeg   + + +     SustAt   .     (no shield)
rPois  ∞         Gourm    .     (no helmet)
rElec  .         Spirit   .     (no cloak)
rCorr  .         Warding  .     (no gloves)
rMut   .         Stasis   .     (no boots)
MR     .....                    (no amulet)
Stlth  +.........               (no ring)
                                (no ring)

@: not resistant to hostile enchantments, very unstealthy
A: no food or potions, fire vulnerability, cold resistance 1, negative energy
resistance 3, torment resistance, unbreathing
a: Renounce Religion


You were on level 1 of the Dungeon.
You worshipped Xom.
You were a plaything of Xom.
You were not hungry.

You visited 1 branch of the dungeon, and saw 1 of its levels.

Inventory:

Hand weapons
 a - a +0 spear of chaos (weapon)
Armour
 b - a +2 leather armour (worn)
Jewellery
 c - an uncursed amulet of stasis {unknown}
Scrolls
 d - a scroll of recharging {unknown}


   Skills:
 - Level 3.0 Fighting
 + Level 3.1 Polearms
 - Level 1.5 Armour
 * Level 2.4 Dodging


You had 2 spell levels left.
You didn't know any spells.

Dungeon Overview and Level Annotations

Branches:
Dungeon (1/15)

Altars:


Innate Abilities, Weirdness & Mutations

You do not eat or drink.
Your flesh is vulnerable to fire.
You are immune to poison.
Your flesh is cold resistant.
You are immune to negative energy.
You are immune to unholy pain and torment.
You can survive without breathing.


Message History

Press: ? - help, Dir - move target cursor, f/p - jackal
Aim: a jackal (severely wounded)
You completely miss the jackal.
The jackal is severely wounded.
The jackal barely misses you.
Attack whom?
Press: ? - help, Dir - move target cursor, f/p - jackal
Aim: a jackal (severely wounded)
You closely miss the jackal.
The jackal is severely wounded.
The jackal bites you but does no damage.
The jackal closely misses you.
Attack whom?
Press: ? - help, Dir - move target cursor, f/p - jackal
Aim: a jackal (severely wounded)
You hit the jackal.
You kill the jackal!
The jackal bites you.
You die... "What!?
That's it?"

#.))..).# #.#####.#
#.###.#.#
######.....#.#
..h........#+##
#####..........######
#####..........######
#####......h...######
#####.......@..######
#####..........######
########.############
########.############
######...........####
######...........####
######...........####
######...........####
######...........#


You could see a jackal.

Vanquished Creatures
  An orc priest (D:1)
  An ooze (D:1)
  3 orcs (D:1)
  8 bats (D:1)
  4 hobgoblins (D:1)
  A jackal (D:1)
  5 kobolds (D:1)
  A giant cockroach (D:1)
  2 giant newts (D:1)
  3 goblins (D:1)
  A rat (D:1)
30 creatures vanquished.

Notes
Turn   | Place    | Note
--------------------------------------------------------------
     0 | D:1      | hexophile the Mummy Chaos Knight began the quest for the Orb.
     0 | D:1      | Reached XP level 1. HP: 18/18 MP: 1/1
   220 | D:1      | Reached skill level 1 in Dodging
   993 | D:1      | XOM: mild Divn miscast
  1095 | D:1      | XOM: divination: detect creatures
  2043 | D:1      | XOM: stat loss: -1 Int (10/11)
  2059 | D:1      | XOM: 1-stop teleportation journey
  2566 | D:1      | XOM: harmless Fire miscast
  3557 | D:1      | Reached XP level 2. HP: 24/24 MP: 2/2
  3817 | D:1      | XOM: 1-stop teleportation journey
  4076 | D:1      | XOM: divination: detect items
  4507 | D:1      | XOM: mild Ice miscast
  4676 | D:1      | XOM: 2-stop teleportation journey
  4884 | D:1      | Reached XP level 3. HP: 29/29 MP: 3/3
  4934 | D:1      | XOM: silly message
  4972 | D:1      | XOM: vitrification
  5689 | D:1      | XOM: harmless Summ miscast
  5854 | D:1      | HP: 2/29 [orc priest/divine providence (14)]
  5862 | D:1      | HP: 2/29 [orc/short sword of holy wrath (1)]
  5863 | D:1      | XOM: confuse monster(s)
  5887 | D:1      | Slain by a jackal

Vault maps used:
D:1:      dpeg_arrival_round_b

Action                   || total
-------------------------++-------
Melee: Spear             ||   120
 Stab: Confused          ||     1
